 Dungeon Crawl Stone Soup version 0.30-b1-2-g02819fbbbe (webtiles) character file.

Game seed: 3172278797767363206

306 snakesoul the Digger (level 5, -3/38 HPs)
             Began as a Demigod Earth Elementalist on June 12, 2023.
             Slain by a gnoll
             ... wielding a +0 halberd
              (12 damage)
             ... on level 4 of the Dungeon.
             The game lasted 00:05:19 (3224 turns).

snakesoul the Digger (Demigod Earth Elementalist)   Turns: 3224, Time: 00:05:21

Health: -3/38      AC:  4    Str:  9    XL:     5   Next: 93%
Magic:  12/17      EV: 12    Int: 21    God:
Gold:   187        SH:  0    Dex: 14    Spells: 2/10 levels left

rFire   . . .        v - +0 dagger (venom)
rCold   . . .        (no shield)
rNeg    . . .        a - +0 robe
rPois   .            u - +1 helmet {SInv}
rElec   .            (no cloak)
rCorr   .            (no gloves)
SInv    +            (no boots)
Will    +....        s
                       - Hermit's Pendant {Faith Invo=14 Evo=0 MP+5}
Stlth   ++           j - ring of willpower
HPRegen 0.26/turn    (no ring)
MPRegen 0.15/turn

%: faith
@: no status effects
A: high MP 1, forlorn, divine attributes
a: no special abilities


You were on level 4 of the Dungeon.
You visited 1 branch of the dungeon, and saw 4 of its levels.

You collected 187 gold pieces.

Inventory:

Hand Weapons
 v - a +0 dagger of venom (weapon)
Armour
 a - a +0 robe (worn)
 u - a +1 helmet of see invisible (worn)
Jewellery
 c - a ring of fire
 j - a ring of willpower (left hand)
 s - the Hermit's Pendant (around neck) {Faith Invo=14 Evo=0 MP+5}
   (You found it on level 3 of the Dungeon)

   [amulet of faith]

   Invo=14: It sets your Invocations skill to 14.
   Evo=0: It sets your Evocations skill to 0.
   It allows you to gain divine favour quickly.
   MP:        It affects your magic capacity (+5).
Wands
 w - a wand of iceblast (6)
Scrolls
 d - 3 scrolls of amnesia {unknown}
 f - 3 scrolls of noise {unknown}
 i - 3 scrolls of identify {unknown}
 k - a scroll of poison {unknown}
 m - a scroll of torment {unknown}
 o - 2 scrolls of enchant armour {unknown}
 p - 3 scrolls of teleportation {unknown}
 r - a scroll of magic mapping {unknown}
 t - a scroll of blinking {unknown}
Potions
 b - a potion of magic
 e - 3 potions of haste {unknown}
 g - a potion of attraction {unknown}
 h - 3 potions of might {unknown}
 l - 2 potions of heal wounds {unknown}
 n - a potion of curing {unknown}
 q - a potion of cancellation {unknown}


   Skills:
 - Level 1.7 Dodging
 - Level 1.7 Stealth
 + Level 3.3 Spellcasting
 + Level 2.2 Conjurations
 + Level 1.8 Transmutations
 + Level 4.5 Earth Magic


You had 2 spell levels left.
You knew the following spells:

 Your Spells              Type           Power      Damage    Failure   Level
a - Sandblast             Erth           44%        2d11      1%          1
b - Stone Arrow           Conj/Erth      34%        3d9       10%         3
c - Petrify               Tmut/Erth      16%        N/A       34%         4

Your spell library contained the following spells:

 Spells                   Type           Power      Damage    Failure   Level
 Passwall                 Tmut/Erth      13%        N/A       5%          2
 Anguish                  Hex/Necr       1%         N/A       78%         4
 Cause Fear               Hex            1%         N/A       78%         4
 Enfeeble                 Hex            1%         N/A       100%        7


Dungeon Overview and Level Annotations

Branches:
Dungeon (4/15)
 Temple: D:4-7


Innate Abilities, Weirdness & Mutations

You have an increased reservoir of magic. (+10% MP)
You shall have no god before yourself.
Your divine heritage dramatically boosts your attributes as you level up.


Message History

The gnoll hits you with a +0 club.
You are too injured to fight recklessly!
You are too injured to fight recklessly!
You are too injured to fight recklessly!
You are too injured to fight recklessly!
Casting: Sandblast (safe; 1% risk of failure)
Confirm with . or Enter, or press ? or * to list all spells.
Aiming: Sandblast (safe; 1% risk of failure)
Press: ? - help, Shift-Dir - straight line, f - gnoll, p - gnoll
Aim: a gnoll, wielding a +0 whip (85% to hit)
The blast of sand hits the gnoll!
You kill the gnoll!
The gnoll hits you from afar with a +0 halberd!
* * * LOW HITPOINT WARNING * * *
Casting: Sandblast (safe; 1% risk of failure)
Confirm with . or Enter, or press ? or * to list all spells.
Aiming: Sandblast (safe; 1% risk of failure)
Press: ? - help, Shift-Dir - straight line, f - gnoll
Aim: a gnoll, wielding a +0 halberd (severely wounded, 85% to hit)
The blast of sand hits the gnoll!
You kill the gnoll!
A gnoll comes into view. It is wielding a +0 halberd.
Casting: Sandblast (safe; 1% risk of failure)
Confirm with . or Enter, or press ? or * to list all spells.
Aiming: Sandblast (safe; 1% risk of failure)
Press: ? - help, Shift-Dir - straight line, f - gnoll
Aim: a gnoll, wielding a +0 halberd (wandering, hasn't noticed you, 85% to hit)
The blast of sand hits the gnoll!
You kill the gnoll!
The gnoll shouts!
Casting: Sandblast (safe; 1% risk of failure)
Confirm with . or Enter, or press ? or * to list all spells.
Aiming: Sandblast (safe; 1% risk of failure)
Press: ? - help, Shift-Dir - straight line, f/p - gnoll
Aim: a gnoll, wielding a +0 halberd (85% to hit)
The blast of sand hits the gnoll.
The gnoll is heavily wounded.
The gnoll closely misses you.
The gnoll hits you from afar with a +0 halberd!
You die...

#.# #.# #.# #.#
#.####'#####
#.##.......# #.
#..†...##
###.#####
#..)...#
..[o.)g.#
##......#
#.###.##......#
#@†...####.####
#..#### #.#
#....# #.#
#.##.#####.#
#.##.....#.#
#.#......#.#
#.#.####.#.#
#.#. #.#)# #.##
#.#.#


You could see a gnoll.

Vanquished Creatures
  A black bear (D:4)
  A hound (D:4)
  An iguana (D:3)
  Robin (D:3)
  4 gnolls
  4 adders
  2 worms (D:2)
  3 dart slugs (D:2)
  An orc (D:3)
  6 ball pythons
  5 bats
  8 endoplasms
  3 giant cockroaches (D:1)
  11 goblins
  7 hobgoblins
  4 quokkas
  A frilled lizard (D:1)
  4 kobolds
  4 rats (D:2)
71 creatures vanquished.

Vanquished Creatures (others)
  A plant (D:4)
1 creature vanquished.

Grand Total: 72 creatures vanquished

Notes
Turn   | Place    | Note
-------+----------+-------------------------------------------
     0 | D:1      | snakesoul the Demigod Earth Elementalist began the quest
                  | for the Orb.
     0 | D:1      | Reached XP level 1. HP: 14/14 MP: 5/5
   128 | D:1      | Reached skill level 3 in Earth Magic
   297 | D:1      | Reached XP level 2. HP: 20/20 MP: 5/7
   747 | D:1      | Reached XP level 3. HP: 26/26 MP: 7/9
   954 | D:2      | Learned a level 3 spell: Stone Arrow
  2247 | D:3      | Found the Hermit's Pendant {Faith Invo=14 Evo=0 MP+5}
  2250 | D:3      | Reached XP level 4. HP: 33/33 MP: 8/10
  2313 | D:3      | Reached skill level 1 in Conjurations
  2313 | D:3      | Reached skill level 4 in Earth Magic
  2692 | D:3      | Noticed Robin
  2701 | D:3      | Killed Robin
  2708 | D:3      | Learned a level 4 spell: Petrify
  2976 | D:4      | Noticed a black bear
  2982 | D:4      | Killed a black bear
  2983 | D:4      | Reached skill level 1 in Transmutations
  2983 | D:4      | Reached XP level 5. HP: 38/38 MP: 12/12
  3224 | D:4      | Slain by a gnoll

Illustrated notes

Levels and vault maps discovered:
D:1:      heliophobic_arrival_battle_scene, layout_rooms, chequers_jeans
D:2:      minmay_wonky_spiral, layout_basic
D:3:      layout_basic, uniq_robin
D:4:      kennysheep_kobold_camp, layout_basic, kennysheep_small_square,
          uniq_grinder, uniq_crazy_yiuf_cottage

Skill      XL: |  1  2  3  4 |
---------------+-------------+-----
Earth Magic    | 3 4 |  4.5
Spellcasting   | 2 3 |  3.3
Conjurations   | 2 |  2.2
Transmutations | 1 |  1.8
Dodging        | |  1.7
Stealth        | |  1.7

Action                     |  1- 3 |  4- 6 || total
---------------------------+-------+-------++-------
  Melee: Dagger            |     6 |       ||     6
   Cast: Sandblast         |    60 |    46 ||   106
 Armour: Robe              |     3 |     6 ||     9
  Dodge: Dodged            |    13 |    14 ||    27
